 Dungeon Crawl Stone Soup version 0.31.0-32-g396128a36d (webtiles) character file.

Game seed: 13051517158584889376

21049 SAINTLYBOY the Fighter (level 12, -3/112 HPs)
             Began as a Minotaur Fighter on Mar 20, 2024.
             Was a High Priest of Okawaru.
             Slain by Grum
             ... wielding a +0 spear
              (6 damage)
             ... while petrified by a basilisk
             ... on level 1 of the Lair of Beasts.
             The game lasted 00:20:10 (12928 turns).

SAINTLYBOY the Fighter (Minotaur Fighter)          Turns: 12928, Time: 00:20:11

Health: -3/112     AC: 25    Str: 31    XL:     12   Next: 50%
Magic:  14/15      EV:  2    Int:  5    God:    Okawaru [*****.]
Gold:   225        SH:  0    Dex:  9    Spells: 11/11 levels left

rFire   + . .        l - +5 woodcutter's axe
rCold   . . .        (shield currently unavailable)
rNeg    + + +        i - +0 plate armour
rPois   ∞            D - +3 hat "Yseneuf" {+Blink Str+4}
rElec   .            (no cloak)
rCorr   .            z - +1 pair of gloves
SInv    .            n - +0 pair of boots
Will    .....        t - amulet of faith
Stlth   x              - ring of protection from fire
HPRegen 0.38/turn    g - ring of poison resistance
MPRegen 0.14/turn

%: faith
@: mighty, petrified, heroic
A: horns 2, retaliatory headbutt
a: Renounce Religion, Evoke Blink, Heroism, Finesse, Duel


You were on level 1 of the Lair of Beasts.
You worshipped Okawaru.
Okawaru was extremely pleased with you.
You visited 3 branches of the dungeon, and saw 14 of its levels.

You collected 887 gold pieces.
You spent 662 gold pieces at shops.

Inventory:

Hand Weapons
 l - the +5 woodcutter's axe (weapon)
   (You found it on level 3 of the Dungeon)
Missiles
 A - 2 throwing nets (quivered)
Armour
 i - a +0 plate armour (worn)
 n - a +0 pair of boots (worn)
 z - a +1 pair of gloves (worn)
 D - the +3 hat "Yseneuf" (worn) {+Blink Str+4}
   (You bought it in a shop on level 8 of the Dungeon)

   Str+4:     It affects your strength (+4).
   +Blink:    It lets you blink.
Jewellery
 g - a ring of poison resistance (right hand)
 s - a ring of protection from cold
 t - an amulet of faith (around neck)
 x - a ring of protection from fire (left hand)
 C - a +4 ring of protection
Wands
 v - a wand of digging (8)
 E - a wand of quicksilver (1)
Scrolls
 a - a scroll of amnesia
 b - 3 scrolls of immolation
 c - 3 scrolls of poison
 d - a scroll of revelation
 j - 3 scrolls of teleportation
 o - 3 scrolls of vulnerability
 p - 3 scrolls of enchant weapon
 q - a scroll of blinking {unknown}
 y - a scroll of fear
 B - a scroll of noise {unknown}
 F - 3 scrolls of identify
 G - a scroll of torment {unknown}
 H - a scroll of fog
Potions
 e - a potion of resistance {unknown}
 f - a potion of brilliance
 h - 2 potions of berserk rage
 k - a potion of lignification {unknown}
 r - 3 potions of enlightenment
 u - 3 potions of mutation
 w - 4 potions of attraction
 K - a potion of degeneration {unknown}
Miscellaneous
 J - a phial of floods


   Skills:
 * Level 12.2(17.2) Fighting
 * Level 11.9(16.9) Axes
 * Level 11.6(16.6) Armour
 * Level 10.1(15.1) Dodging
 - Level 5.2(10.2) Shields
 + Level 6.1 Invocations
 + Level 5.4 Evocations


You had 11 spell levels left.
You didn't know any spells.
Your spell library contained the following spells:

 Spells                   Type           Power      Damage    Failure   Level
 Kiss of Death            Conj/Necr      0%         2d5       94%         1
 Confusing Touch          Hex            0%         N/A       100%        3
 Fugue of the Fallen      Necr           0%         N/A       100%        3
 Ozocubu's Armour         Ice            0%         N/A       100%        3
 Dispel Undead            Necr           0%         3d6       100%        4
 Manifold Assault         Tloc           0%         N/A       100%        4
 Lee's Rapid Deconstruct  Erth           0%         3d4*      100%        5
 Orb of Destruction       Conj           0%         9d5       100%        7
 Animate Armour           Summ/Erth      Unusable   N/A       N/A         4
 Summon Blazeheart Golem  Fire/Summ      Unusable   N/A       N/A         4
 Summon Lightning Spire   Summ/Air       Unusable   N/A       N/A         4
 Spellforged Servitor     Conj/Summ      Unusable   N/A       N/A         7

Dungeon Overview and Level Annotations

Branches:
Dungeon (11/15)            Temple (1/1) D:6            Lair (2/5) D:11
 Spider (0/4) Lair:2          Orc (0/2) D:9
  Swamp: Lair:2-3    Shoals: Lair:2-3

Altars:
Ashenzari
Cheibriados
Dithmenos
Elyvilon
Fedhas
Gozag
Hepliaklqana
Kikubaaqudgha
Makhleb
Nemelex Xobeh
Okawaru
Qazlal
Ru
Sif Muna
Trog
Uskayaw
Vehumet
Wu Jian
Xom
Yredelemnul
Zin
The Shining One

Shops:
D:1 (   D:4 (   D:8 =(*[   D:11 !*[

Annotations:
Lair:1 Grum, Jeremiah
Lair:2 Amaemon


Innate Abilities, Weirdness & Mutations

You have a pair of horns on your head.
You reflexively headbutt those who attack you in melee.


Message History

You feel very mighty all of a sudden.
You feel sick. The basilisk barely misses you. Grum barely misses you.
A basilisk comes into view.
You closely miss the basilisk.
The basilisk hisses angrily.
You headbutt the basilisk!!
The basilisk is heavily wounded.
You feel sick.
You are no longer poisoned.
The butterfly disappears in a burst of colours!
The basilisk bites you but does no damage.
Grum misses you.
You slash the basilisk!
The basilisk is almost dead.
The basilisk misses you.
Grum hits you from afar with a +0 spear!
* * * LOW HITPOINT WARNING * * *
You closely miss the basilisk.
The basilisk is almost dead.
You closely miss the butterfly. The basilisk gazes at you.
You are slowing down.
Grum hits you from afar with a +0 spear!
* * * LOW HITPOINT WARNING * * *
You slash the basilisk!
You kill the basilisk!
Okawaru accepts your kill.
The butterfly disappears in a burst of colours!
Grum hits you from afar with a +0 spear!
* * * LOW HITPOINT WARNING * * *
Your limbs are stiffening.
Jeremiah hops!
The basilisk gazes at you.
Your limbs have turned to stone.
You have turned to stone.
The butterfly disappears in a burst of colours! x2
Grum hits you but does no damage. Grum hits you but does no damage.
The basilisk bites you!
* * * LOW HITPOINT WARNING * * *
Grum hits you from afar with a +0 spear!
You die...

.#..... ...# #b..b..#...
...... ...# #...b.bb.#
.#...# #..###........#
##...###...P##....b...#.
##..............|..bb...
..........>......†..#
##...##.#.#.....g†b.#
... #....####
####......####P.# .#...#
#..@l......... ##...#
#.....F.b~~~~ ##...#
#...?.bb~~~# ##...#
#..b....~~## ##..##
#...b...~~###~ ....P#
##.......~~~~~~ ##..##
#.............. ###.#
#######..###..#....#
....####........#
#..#.....


You could see Jeremiah, Grum and a basilisk.

Vanquished Creatures
  Fannar (Lair:1)
  Harold (D:11)
  Erica (D:11)
  3 two-headed ogres
  Sonja (D:11)
  A pharaoh ant (Lair:2)
  Maurice (D:8)
  An elephant (D:11)
  A gargoyle (D:11)
  Maggie (D:9)
  3 cane toads (Lair:1)
  A komodo dragon (Lair:2)
  An efreet (D:11)
  Psyche (D:11)
  5 trolls
  A merfolk (D:11)
  A tarantella (Lair:2)
  6 blink frogs
  2 hornets
  Prince Ribbit (D:8)
  Sigmund (D:2)
  12 yaks
  A basilisk (Lair:1)
  5 water elementals (D:11)
  A wraith (D:9)
  3 fire bats (Lair:1)
  2 wyverns
  4 vampire mosquitoes (D:10)
  A steam dragon (D:7)
  An acid dragon (D:8)
  5 water moccasins
  3 orc warriors
  2 ogres
  2 ice beasts
  2 black bears (D:11)
  A sky beast (D:6)
  12 wolves
  6 centaurs
  A phantom (D:6)
  3 kobold brigands
  9 bullfrogs
  2 gnoll sergeants
  A scorpion (Lair:2)
  4 wights (D:8)
  10 killer bees
  2 electric eels
  3 howler monkeys
  A bombardier beetle (D:4)
  5 hounds
  6 orc priests
  4 iguanas
  7 hell rats (Lair:2)
  10 orc wizards
  13 gnolls
  7 adders
  3 shadow imps
  3 white imps
  2 dart slugs
  32 orcs
  3 endoplasms
  A giant cockroach (D:4)
  12 goblins
  7 hobgoblins
  9 jackals
  29 kobolds
  3 quokkas
  3 ball pythons
  6 bats
  6 frilled lizards
  3 rats (D:1)
308 creatures vanquished.

Notes
Turn   | Place    | Note
-------+----------+-------------------------------------------
     0 | D:1      | SAINTLYBOY the Minotaur Fighter began the quest for the
                  | Orb.
     0 | D:1      | Reached XP level 1. HP: 19/19 MP: 0/0
   105 | D:1      | Reached XP level 2. HP: 22/27 MP: 1/1
   270 | D:1      | Reached skill level 4 in Fighting
   390 | D:1      | Found Zusuis's Weapon Boutique.
   604 | D:1      | Found a faded altar of an unknown god.
   958 | D:2      | Found a hide-covered altar of Uskayaw.
   981 | D:2      | Reached XP level 3. HP: 33/33 MP: 2/2
   985 | D:2      | Reached skill level 1 in Dodging
  1121 | D:2      | Reached XP level 4. HP: 41/41 MP: 3/3
  1134 | D:2      | Noticed Sigmund
  1143 | D:2      | Killed Sigmund
  1144 | D:2      | Reached skill level 5 in Fighting
  1144 | D:2      | Reached XP level 5. HP: 27/48 MP: 4/4
  1708 | D:3      | Reached XP level 6. HP: 56/56 MP: 5/5
  1770 | D:3      | Found the +5 woodcutter's axe
  1892 | D:3      | Found a bloodstained altar of Trog.
  1896 | D:3      | Found a glowing silver altar of Zin.
  2156 | D:3      | You fall into a shaft and drop 1 floor!
  2480 | D:4      | Reached skill level 5 in Axes
  2583 | D:4      | Reached skill level 6 in Fighting
  2583 | D:4      | Reached skill level 5 in Armour
  2583 | D:4      | Reached XP level 7. HP: 42/63 MP: 6/6
  3000 | D:4      | Found Wimam's Weapon Boutique.
  3167 | D:5      | Entered Level 5 of the Dungeon
  3220 | D:5      | Reached skill level 5 in Shields
  3296 | D:5      | Identified the +5 mace of the Fray {heavy, Dex+2}
  3481 | D:5      | Found an ornate altar of the Wu Jian Council.
  3481 | D:5      | Found a broken altar of Ashenzari.
  3839 | D:6      | Reached XP level 8. HP: 60/71 MP: 7/7
  3929 | D:6      | Reached skill level 7 in Fighting
  3934 | D:6      | Found a staircase to the Ecumenical Temple.
  4026 | Temple   | Entered the Ecumenical Temple
  4048 | Temple   | Became a worshipper of Warmaster Okawaru
  4340 | D:6      | Found a white marble altar of Elyvilon.
  4400 | D:6      | Found a basalt altar of Yredelemnul.
  4969 | D:7      | Reached * piety under Okawaru
  4970 | D:7      | Reached skill level 5 in Dodging
  4978 | D:7      | Reached skill level 8 in Fighting
  5331 | D:7      | Reached XP level 9. HP: 73/81 MP: 8/8
  5953 | D:8      | Reached ** piety under Okawaru
  5999 | D:8      | Noticed Maurice
  6011 | D:8      | Reached skill level 1 in Invocations
  6013 | D:8      | Reached skill level 1 in Evocations
  6048 | D:8      | Something stole a ring of poison resistance
  6060 | D:8      | Something stole a throwing net
  6061 | D:8      | Something stole 627 gold
  6063 | D:8      | Something stole 17 gold
  6066 | D:8      | Killed Maurice
  6134 | D:8      | Found Oqeycro's Jewellery Shop.
  6143 | D:8      | Reached *** piety under Okawaru
  6144 | D:8      | Reached skill level 9 in Fighting
  6306 | D:8      | Found Tuigh's Assorted Antiques.
  6317 | D:8      | Bought a scroll labelled HUOWARCH UTSOCZI for 25 gold
                  | pieces
  6317 | D:8      | Bought a viscous yellow potion for 22 gold pieces
  6317 | D:8      | Bought a scroll labelled HUOWARCH UTSOCZI for 25 gold
                  | pieces
  6317 | D:8      | Bought a potion of enlightenment for 125 gold pieces
  6412 | D:8      | Noticed Prince Ribbit
  6413 | D:8      | Found Goetat's Weapon Boutique.
  6420 | D:8      | Killed Prince Ribbit
  7156 | D:8      | Found Ovaomefu's Antique Armour Shoppe.
  7159 | D:8      | Bought a bloodstained hat for 225 gold pieces
  7159 | D:8      | Identified the +3 hat "Yseneuf" {+Blink Str+4} (You bought
                  | it in a shop on level 8 of the Dungeon)
  7476 | D:9      | Found a staircase to the Orcish Mines.
  7477 | D:9      | Noticed a troll
  7482 | D:9      | Killed a troll
  7483 | D:9      | Reached XP level 10. HP: 91/91 MP: 11/11
  7492 | D:9      | Paralysed by a hornet for 3 turns
  7495 | D:9      | Reached **** piety under Okawaru
  7848 | D:9      | Noticed Maggie
  7861 | D:9      | Killed Maggie
  8088 | D:9      | Noticed a two-headed ogre
  8096 | D:9      | Killed a two-headed ogre
  8609 | D:10     | Entered Level 10 of the Dungeon
  8626 | D:10     | Reached ***** piety under Okawaru
  8739 | D:10     | Reached skill level 10 in Fighting
  8813 | D:10     | Received a gift from Okawaru
  9086 | D:10     | Identified the +6 sling of Defence by Offence {freeze,
                  | rPois Int+2 Dex+2}
  9095 | D:10     | Noticed a two-headed ogre
  9102 | D:10     | Killed a two-headed ogre
  9103 | D:10     | Reached XP level 11. HP: 86/101 MP: 10/13
  9253 | D:10     | Reached skill level 10 in Axes
  9681 | D:10     | Found a radiant altar of Vehumet.
  9733 | D:11     | Noticed Sonja
  9743 | D:11     | Killed Sonja
 10151 | D:11     | Found Ujeloble's General Store.
 10669 | D:11     | Found Ziaryc's Armour Emporium.
 10676 | D:11     | Reached skill level 10 in Armour
 10753 | D:11     | Received a gift from Okawaru
 10771 | D:11     | Found Irutwaaw's Distillery.
 10778 | D:11     | Bought a potion of attraction for 48 gold pieces
 10881 | D:11     | Reached skill level 5 in Invocations
 10942 | D:11     | Reached skill level 11 in Fighting
 11074 | D:11     | Bought a scroll of fog for 64 gold pieces
 11074 | D:11     | Bought a potion of heal wounds for 80 gold pieces
 11074 | D:11     | Bought a scroll of teleportation for 48 gold pieces
 11101 | D:11     | Noticed a two-headed ogre
 11108 | D:11     | Killed a two-headed ogre
 11280 | D:11     | Noticed Harold
 11302 | D:11     | Killed Harold
 11423 | D:11     | Noticed Erica
 11445 | D:11     | Killed Erica
 11618 | D:11     | Received a gift from Okawaru
 11668 | D:11     | Found a staircase to the Lair.
 11917 | D:11     | Noticed Psyche
 11924 | D:11     | Killed Psyche
 12011 | Lair:1   | Entered Level 1 of the Lair of Beasts
 12178 | Lair:1   | Reached skill level 5 in Evocations
 12178 | Lair:1   | Reached XP level 12. HP: 108/110 MP: 15/15
 12236 | Lair:1   | You fall into a shaft and drop 1 floor!
 12278 | Lair:2   | Found a hole to the Spider Nest.
 12317 | Lair:2   | Received a gift from Okawaru
 12404 | Lair:2   | Noticed Amaemon
 12410 | Lair:2   | Reached ****** piety under Okawaru
 12423 | Lair:2   | HP: 5/112 [poisoned by Amaemon]
 12449 | Lair:2   | HP: 5/112 [orange demon[Amaemon] (2)]
 12802 | Lair:1   | Reached skill level 12 in Fighting
 12892 | Lair:1   | Reached skill level 10 in Dodging
 12893 | Lair:1   | Noticed Fannar
 12895 | Lair:1   | Noticed Grum
 12898 | Lair:1   | Noticed Jeremiah
 12904 | Lair:1   | Killed Fannar
 12924 | Lair:1   | HP: 4/112 [Grum/+0 spear (9)]
 12928 | Lair:1   | Slain by Grum

Illustrated notes

Levels and vault maps discovered:
D:1:      lemuel_arrival_funnel, layout_loops_ring, serial_shops,
          nicolae_shop_back_alley_shop, hellmonk_ecumenical_altar_leap_of_faith,
          lexackson_kobold_supper
D:2:      layout_rooms, basic_altar, dk_noncrumbling_2, uniq_sigmund
D:3:      kennysheep_the_goblin_king, layout_loops_ring,
          nicolae_overflow_squiral, pf_guarded_unrand_woodcutter
D:4:      layout_basic, serial_shops, nicolae_shop_bloodbath_and_beyond,
          serial_bayou_lagoon_a
D:5:      layout_loops_ring, gammafunk_temple_overflow_statue
D:6:      layout_loops_ring, kennysheep_ying_yang,
          minmay_temple_entry_stoned_glass
D:7:      layout_basic
D:8:      layout_layer_cave, serial_shops, nicolae_shop_behind_doors,
          nicolae_shop_tiny_waterfront, shop, nicolae_shop_window_shopping,
          lightli_minifort, uniq_prince_ribbit1, uniq_maurice
D:9:      nicolae_hitomezashi [nicolae_hito_row, nicolae_hito_row,
          nicolae_hito_row, nicolae_hito_row, nicolae_hito_row,
          nicolae_hito_row, nicolae_hito_row, nicolae_hito_row,
          nicolae_hito_row, nicolae_hito_row, nicolae_hito_row,
          nicolae_hito_row, nicolae_hito_row, nicolae_hito_row,
          nicolae_hito_row, nicolae_hito_row, nicolae_hito_row,
          nicolae_hito_row], layout_long_grid, nicolae_zen_rock_garden,
          uniq_maggie
D:10:     layout_basic, marbit_many_paths, nicolae_two_hexagons, st_stairs_12,
          nrook_campfire
D:11:     layout_irregular_city, david_lair_generic, serial_shops,
          nicolae_shop_crystal, shop,
          nicolae_shop_temple_entry_statues_fountains, nicolae_rank_and_phial,
          uniq_sonja, uniq_harold, uniq_psyche, uniq_erica
Temple:   hellmonk_temple_two_chambers
Lair:1:   layout_gridlike, uniq_gastronok, uniq_grum, uniq_fannar, uniq_jeremiah
Lair:2:   layout_regular_city, nicolae_spider_entry_lesser_pyramids,
          uniq_nergalle, uniq_amaemon

Skill      XL: |  1  2  3  4  5  6  7  8  9 10 11 12 |
---------------+-------------------------------------+-----
Fighting       | 4 5 6 8 9 10 11 12 | 12.2
Axes           | 3 4 5 6 7 8 9 11 | 11.9
Dodging        | 1 2 3 5 6 7 9 10 | 10.1
Armour         | 4 5 7 8 9 10 11 | 11.6
Shields        | 4 5 |  5.2
Invocations    | 2 4 5 6 |  6.1
Evocations     | 2 4 5 |  5.4

Action                     |  1- 3 |  4- 6 |  7- 9 | 10-12 || total
---------------------------+-------+-------+-------+-------++-------
  Melee: War axe           |    70 |   108 |    15 |       ||   193
         Headbutt          |     7 |    13 |    25 |    61 ||   106
         Battleaxe         |       |       |   204 |   322 ||   526
 Invoke: Heroism           |       |       |     1 |     8 ||     9
         Finesse           |       |       |       |     1 ||     1
  Evoke: Wand              |       |       |       |     2 ||     2
         Phial of floods   |       |       |       |     1 ||     1
    Use: Potion            |       |     1 |     3 |     4 ||     8
         Scroll            |       |     3 |     5 |     8 ||    16
 Armour: Scale mail        |    61 |       |       |       ||    61
         Plate armour      |    10 |    57 |   191 |   398 ||   656
  Dodge: Dodged            |    44 |    61 |    83 |   235 ||   423
  Block: Buckler           |    23 |    15 |       |       ||    38
         Kite shield       |       |    31 |     9 |       ||    40
